 Dungeon Crawl Stone Soup version 0.18.1-8-gdd0e5ea (webtiles) character file.

341 KinglerCrab the Ruffian (level 6, -12/47 HPs)
             Began as a Draconian Transmuter on May 23, 2016.
             Mangled by Sigmund
             ... wielding a +0 scythe
              (25 damage)
             ... on level 2 of the Dungeon.
             The game lasted 00:12:42 (4700 turns).

KinglerCrab the Ruffian (Draconian Transmuter)      Turns: 4700, Time: 00:12:43

Health: -12/47     AC:  6    Str: 12    XL:     6   Next: 30%
Magic:  5/9        EV: 11    Int: 16    God:
Gold:   151        SH:  0    Dex: 11    Spells: 2 memorised, 6 levels left

rFire  . . .     SeeInvis .       - Unarmed
rCold  . . .     Gourm    .     (armour unavailable)
rNeg   . . .     Faith    .     (no shield)
rPois  .         Spirit   .     (helmet restricted)
rElec  .         Dismiss  .     (no cloak)
rCorr  .         Reflect  .     (no gloves)
SustAt .         Harm     .     (no boots)
MR     .....                    (no amulet)
Stlth  +.........               (no ring)
                                (no ring)

@: very slightly contaminated, drained, not resistant to hostile enchantments,
very unstealthy
A: unfitting armour, cold-blooded, AC +6
a: no special abilities


You were on level 2 of the Dungeon.
You were very hungry.

You visited 2 branches of the dungeon, and saw 5 of its levels.

You collected 151 gold pieces.

Inventory:

Hand Weapons
 f - a +0 spear
 p - a +0 dagger of draining
Missiles
 a - 27 arrows
 g - 175 stones (quivered)
 l - 8 curare-tipped needles
 x - a throwing net
Wands
 u - a wand of teleportation (1/9)
Scrolls
 d - a scroll of remove curse {unknown}
 e - 7 scrolls of identify {unknown}
 h - 2 scrolls of fog {unknown}
 i - a scroll of random uselessness {unknown}
 m - 5 scrolls of teleportation {unknown}
 n - 2 scrolls of noise {unknown}
 q - a scroll of amnesia {unknown}
 s - a scroll of enchant armour {unknown}
 t - a scroll of blinking {unknown}
 v - a scroll of recharging {unknown}
Potions
 k - a potion of curing {unknown}
 o - 2 potions of brilliance {unknown}
 r - a potion of cure mutation {unknown}
 w - a potion of lignification {unknown}
Books
 b - a book of Changes

   Spells                             Type                      Level
   a - Beastly Appendage              Transmutation                1
   b - Sticks to Snakes               Transmutation                2
   c - Spider Form                    Transmutation/Poison         3
   d - Ice Form                       Ice/Transmutation            4
   e - Blade Hands                    Transmutation                5
Comestibles
 c - 4 bread rations
 j - 3 meat rations
 z - a slice of pizza


   Skills:
 - Level 1.1(0.5) Fighting
 - Level 1.7(1.1) Dodging
 + Level 7.2(6.4) Unarmed Combat
 - Level 2.0(1.3) Spellcasting
 - Level 2.0(1.3) Transmutations


You had 6 spell levels left.
You knew the following spells:

 Your Spells              Type           Power        Failure   Level  Hunger
a - Beastly Appendage     Trmt           #.....       14%         1    ##.....
b - Sticks to Snakes      Trmt           #.......     21%         2    ###....


Dungeon Overview and Level Annotations

Branches:
Dungeon (4/15)             Temple (1/1) D:4

Altars:
Ashenzari
Cheibriados
Elyvilon
Fedhas
Gozag
Kikubaaqudgha
Nemelex Xobeh
Okawaru
Pakellas
Qazlal
Ru
Sif Muna
Trog
Vehumet
Xom
The Shining One

Annotations:
D:1 exclusion: downstairs
D:2 Sigmund


Innate Abilities, Weirdness & Mutations

Your plain brown scales are hard (AC +6).
Your body does not fit into most forms of armour.
You are cold-blooded and may be slowed by cold attacks.


Message History

You miss something. Your kick misses something.
Your tail-slap misses something.
You hear some strange, mumbled words.
A puff of flame appears from out of thin air!
The puff of flame hits you!
You barely miss something. Something hits you!
You barely miss something. Your kick misses something.
You closely miss something. You claw something. Something hits you!
You barely miss something. Your kick misses something. You punch something!
Something hits you!
* * * LOW HITPOINT WARNING * * *
You barely miss something.
Your tail-slap misses something.
Your punch misses something. Something hits you but does no damage.
You closely miss something.
Your talons disappear.
You hit something. Something hits you but does no damage.
You closely miss something. You hit something. Something hits you!!
Ouch! That really hurt!
You die...

#..######.......##.#
#........<#####.##.##.#
#...####...# #.#.>...#
#...## #.#.### .#..##.#
#...##...#...##.....#.#
#...##.####.........#.#
#...##...#...#.## ....#
#.....>...S{#.#.###.#.#
#......#..@#.###.##.#.#####
###.####.....>..>....#...@)
#.# #.##.####.##.#.####.
#####.#
##.#.###.###.#......
#.....# #..##.## #.######.
#.##### ##...## #.# #.. #.#
#.### #.# ##.## #.# #.# #.#
#.# #.###########.# #.#
#.###


You could see a friendly ball python.

Vanquished Creatures
  A howler monkey (D:4)
  2 orc priests (D:3)
  2 orc wizards (D:4)
  5 adders
  4 gnolls (D:4)
  An ooze (D:2)
  3 worms (D:3)
  A dart slug (D:1)
  19 orcs
  3 ball pythons
  2 giant cockroaches
  6 goblins
  5 hobgoblins
  4 jackals (D:1)
  4 kobolds
  3 quokkas
  12 bats
  2 giant newts (D:3)
  A quokka skeleton (D:4)
  8 rats
88 creatures vanquished.

Notes
Turn   | Place    | Note
--------------------------------------------------------------
     0 | D:1      | KinglerCrab the Draconian Transmuter began the quest for the Orb.
     0 | D:1      | Reached XP level 1. HP: 16/16 MP: 3/3
   345 | D:1      | Reached XP level 2. HP: 23/23 MP: 5/5
   617 | D:1      | Reached skill level 4 in Unarmed Combat
   805 | D:2      | Noticed Sigmund
   866 | D:2      | Reached XP level 3. HP: 9/28 MP: 4/6
  1585 | D:3      | Learned a level 2 spell: Sticks to Snakes
  1616 | D:3      | Reached XP level 4. HP: 23/35 MP: 4/7
  1844 | D:3      | Reached skill level 5 in Unarmed Combat
  2317 | D:3      | Reached XP level 5. HP: 17/40 MP: 5/8
  2455 | D:3      | Reached skill level 6 in Unarmed Combat
  3074 | D:4      | Found a staircase to the Ecumenical Temple.
  3083 | Temple   | Entered the Ecumenical Temple
  3472 | D:4      | Reached XP level 6. HP: 43/47 MP: 7/9
  4120 | D:4      | Reached skill level 7 in Unarmed Combat
  4700 | D:2      | Mangled by Sigmund

Skill      XL: |  1  2  3  4  5  6 |
---------------+-------------------+-----
Unarmed Combat | 4 5 6 7 |  7.2
Fighting       | |  1.1
Dodging        | |  1.7
Spellcasting   | |  2.0
Transmutations | |  2.0

Action                   |  1- 3 |  4- 6 || total
-------------------------+-------+-------++-------
Melee: Unarmed           |   123 |   228 ||   351
       Tailslap          |     9 |    23 ||    32
       Headbutt          |     5 |    16 ||    21
       Punch             |     4 |     3 ||     7
       Kick              |     1 |    10 ||    11
Throw: Stone             |     5 |     1 ||     6
 Cast: Beastly Appendage |    10 |    19 ||    29
       Sticks to Snakes  |     1 |     4 ||     5
 Stab: Sleeping          |     1 |       ||     1
       Distracted        |       |     1 ||     1
  Eat: Chunk             |     2 |    10 ||    12
Armor: Skin              |    44 |    40 ||    84
Dodge: Dodged            |   103 |   109 ||   212
